 Dungeon Crawl Stone Soup version 0.32-a0-859-gb0a091d592 (webtiles) character file.

Game seed: 17918167834147626407

32127 aigua the Nimble (level 13, 0/86 HPs)
             Began as a Tengu Gladiator on Mar 27, 2024.
             Was a High Priest of Wu Jian.
             Slain by a cane toad (15 damage)
             ... on level 3 of the Lair of Beasts.
             The game lasted 00:27:31 (12531 turns).

aigua the Nimble (Tengu Gladiator)                 Turns: 12531, Time: 00:27:31

Health: 0/86       AC:  5    Str: 19    XL:     13   Next: 62%
Magic:  14/14      EV: 27    Int: 10    God:    Wu Jian [*****.]
Gold:   697        SH:  0    Dex: 21    Spells: 12/12 levels left

rFire   . . .        a - +3 dagger (venom)
rCold   . . .        (no shield)
rNeg    . . .        y - +0 ring mail "Hyfryc" {^Contam +Blink Dex+6}
rPois   .            c - melded +0 hat
rElec   .            q - melded +0 cloak
rCorr   .            f - melded +0 pair of gloves
SInv    .            (boots unavailable)
Will    .....        D - amulet of regeneration
Stlth   +++          e - +5 ring of evasion
HPRegen 1.14/turn    Y - +4 ring of slaying
MPRegen 0.14/turn

%: acrobat
@: lethally poisoned (0 -> -8), beast-form, flying, studying Short Blades
A: beast (slay +4), flying, beak, talons 3, evasive flight, acrobatic
a: Begin Untransformation, Renounce Religion, Evoke Blink, Wall Jump, Serpent's
Lash, Heavenly Storm


You were on level 3 of the Lair of Beasts.
You worshipped Wu Jian.
Wu Jian was extremely pleased with you.
You were a hulking beast.
You visited 3 branches of the dungeon, and saw 16 of its levels.

You collected 697 gold pieces.


Innate Abilities, Weirdness & Mutations

You are a hulking beast.
Your limbs bulge with bestial killing power. (Slay +4)
You are flying.
You have a beak for a mouth.
You have claws for feet.
Your magical flight helps you evade attacks. (EV +4)
You can magically evade attacks while moving or waiting.


   Skills:
 - Level 12.0 Fighting
 - Level 10.0 Short Blades
 + Level 7.9 Throwing
 - Level 12.0 Dodging
 - Level 6.0 Stealth
 - Level 6.0 Evocations
 - Level 8.0 Shapeshifting


You had 12 spell levels left.
You didn't know any spells.
Your spell library contained the following spells:

 Spells                   Type           Power      Damage    Failure   Level
 Freeze                   Ice            0%         1d3       54%         1
 Kiss of Death            Conj/Necr      0%         2d5       54%         1
 Sandblast                Erth           0%         2d4       54%         1
 Scorch                   Fire           0%         2d5       69%         2
 Confusing Touch          Hex            0%         N/A       89%         3
 Frozen Ramparts          Ice            0%         1d1       89%         3
 Hailstorm                Conj/Ice       0%         3d5       89%         3
 Stone Arrow              Conj/Erth      0%         3d7       89%         3
 Volatile Blastmotes      Fire/Tloc      0%         2d10      89%         3
 Brom's Barrelling Bould  Conj/Erth      0%         2d3       100%        4
 Dispel Undead            Necr           0%         3d6       100%        4
 Flame Wave               Conj/Fire      0%         2d4       100%        4
 Fulminant Prism          Conj/Alch      0%         3d5       100%        4
 Iskenderun's Mystic Bla Conj/Tloc 0%             2d3        (+2d1     100%        4
 Olgreb's Toxic Radiance  Alch           0%         N/A       100%        4
 Fireball                 Conj/Fire      0%         3d3       100%        5
 Iskenderun's Battlesphe  Conj           0%         2d6       100%        5
 Conjure Ball Lightning   Conj/Air       0%         3x3d6     100%        6
 Summon Cactus Giant      Summ           0%         N/A       100%        6
 Orb of Destruction       Conj           0%         9d5       100%        7
 Ozocubu's Refrigeration  Ice            0%         4d7       100%        7
 Discord                  Hex            0%         N/A       100%        8

Inventory:

Hand Weapons
 a - a +3 dagger of venom (weapon)
 b - a +2 antimagic dagger
 g - a +0 rapier
Missiles
 d - 3 throwing nets {=f}
 k - 25 poisoned darts (quivered)
 x - 7 javelins
 J - 5 curare-tipped darts {=f}
Armour
 c - a +0 hat (melded)
 f - a +0 pair of gloves (melded)
 q - a +0 cloak (melded)
 u - a scarf of shadows
 y - the +0 ring mail "Hyfryc" (worn) {^Contam +Blink Dex+6}
   (You found it on level 5 of the Dungeon)

   Dex+6:     It affects your dexterity (+6).
   +Blink:    It lets you blink.
   ^Contam:   It causes magical contamination when unequipped.
Jewellery
 e - a +5 ring of evasion (left hand)
 D - an amulet of regeneration (around neck)
 Y - a +4 ring of slaying (right hand)
Talismans
 v - a beast talisman (active)
 H - a maw talisman
Wands
 m - a wand of polymorph (18)
 A - a wand of mindburst (13)
 E - a wand of charming (2)
 G - a wand of flame (12)
 L - a wand of roots (9)
 R - a wand of quicksilver (1)
Scrolls
 i - 2 scrolls of amnesia
 j - 7 scrolls of teleportation {@r2}
 l - 3 scrolls of fog
 o - 7 scrolls of enchant armour
 p - 8 scrolls of fear
 s - 5 scrolls of revelation
 t - 5 scrolls of immolation
 w - 2 scrolls of blinking
 F - 2 scrolls of torment
 K - a scroll of silence {!r}
Potions
 h - a potion of mutation {unknown}
 n - 2 potions of curing {@q1}
 r - 3 potions of attraction
 z - 3 potions of ambrosia
 B - a potion of heal wounds {@q2}
 N - a potion of haste {unknown}
 O - a potion of berserk rage {unknown}
 P - a potion of enlightenment {unknown}
 Q - a potion of invisibility {unknown}

Dungeon Overview and Level Annotations

Branches:
Dungeon (12/15)            Temple (1/1) D:4            Lair (3/5) D:8
  Snake (0/4) Lair:2
  Swamp: Lair:2-3    Shoals: Lair:2-3       Orc: D:9-12

Altars:
Ashenzari
Cheibriados
Dithmenos
Elyvilon
Fedhas
Gozag
Hepliaklqana
Kikubaaqudgha
Makhleb
Nemelex Xobeh
Okawaru
Qazlal
Ru
Sif Muna
Trog
Uskayaw
Vehumet
Wu Jian
Xom
Yredelemnul
Zin
The Shining One

Shops:
D:10 (((

Portals:
Abyss: D:8

Annotations:
D:8 2 transporters, Filo's ghost, novice MiBe
Lair:2 2 transporters, MagicSucks's ghost, journeyman NaSu

#####..# ##.###...## . ##
#..)###### #†..# ##F.
#..#....#..####...##....
........)........†.......
.........................
.#.#####..###............
#.# #..# ##.÷.......## ##
#..## #FF.......# #...#
#hF........# ###..##
#.i.......##
####....##.#.........#
>.......<...............
........................
..♣...##...###..###..##.
♣ #... #..## #### ..#
....# .... .. ~.... #..##
#...


You could see a spriggan druid (poisoned), 2 cane toads and a bullfrog.


Message History

You peck the cane toad, but do no damage.
The cane toad is almost dead.
You feel sick. The cane toad closely misses you.
The cane toad barely misses you.
You hit the spriggan druid. You claw the spriggan druid!
Your peck misses the spriggan druid.
The spriggan druid is heavily wounded.
You feel sick. The cane toad stings you!
* * * LOW HITPOINT WARNING * * *
The spriggan druid points at you and mumbles some strange words.
The stone arrow misses you.
The stone arrow hits the cane toad!!
The cane toad dies!
You are too injured to fight recklessly!
You closely miss the spriggan druid. Your kick misses the spriggan druid.
The spriggan druid is heavily wounded.
You feel sick. The bullfrog misses you.
You spin and attack the cane toad repeatedly.
You hit the cane toad but do no damage. Your kick misses the cane toad.
You hit the cane toad but do no damage.
You feel sick. The cane toad stings you!
* * * LOW HITPOINT WARNING * * *
You are more poisoned.
The cane toad poisons you! The bullfrog misses you.
There is a stone staircase leading up, spattered with blood here.
You feel very sick. The cane toad barely misses you. The cane toad misses you.
The bullfrog completely misses you.
The spriggan druid completely misses you.
The cane toad stings you!
You die...

Skill      XL: |  1  2  3  4  5  6  7  8  9 10 11 12 13 |
---------------+----------------------------------------+-----
Short Blades   | 4 7 8 10 | 10.0
Shapeshifting  | 1 4 6 8 |  8.0
Dodging        | 6 8 10 12 | 12.0
Fighting       | 4 7 9 11 12 | 12.0
Stealth        | 4 6 |  6.0
Evocations     | 4 6 |  6.0
Throwing       | 4 7 |  7.9

Action                     |  1- 3 |  4- 6 |  7- 9 | 10-12 | 13-15 || total
---------------------------+-------+-------+-------+-------+-------++-------
  Melee: Dagger            |    73 |   114 |   278 |   604 |   183 ||  1252
         Rapier            |     4 |       |       |       |       ||     4
         Kick              |    15 |    34 |   102 |   240 |    80 ||   471
         Peck              |     5 |    23 |    82 |   160 |    45 ||   315
  Throw: Throwing net      |       |     2 |       |     3 |       ||     5
         Dart              |       |       |     2 |     7 |       ||     9
         Javelin           |       |       |       |     1 |       ||     1
 Invoke: Serpent's Lash    |       |       |       |     2 |     1 ||     3
Ability: Lunge             |       |       |    14 |    45 |     9 ||    68
         Whirlwind         |       |       |     3 |    91 |    27 ||   121
  Evoke: Wand              |       |       |       |    14 |     2 ||    16
    Use: Potion            |     2 |       |       |     2 |     1 ||     5
         Scroll            |       |       |     9 |     9 |     2 ||    20
   Stab: Sleeping          |     1 |       |     2 |     2 |     3 ||     8
         Held in net/web   |       |     1 |       |     4 |       ||     5
         Distracted        |       |       |       |       |     1 ||     1
 Armour: Leather armour    |    14 |    11 |     1 |       |       ||    26
         Skin              |    28 |       |       |       |       ||    28
         Ring mail         |       |    13 |    35 |    96 |    52 ||   196
  Dodge: Dodged            |    45 |    66 |   149 |   433 |   165 ||   858
   Form: Beast             |       |       |     2 |       |       ||     2
                           |       |       |     1 |       |       ||     1

Levels and vault maps discovered:
D:1:      wander_arrival_chamber, layout_basic
D:2:      layout_basic, uniq_crazy_yiuf_cottage, uniq_terence, uniq_sigmund
D:3:      kb_forest_paths, layout_basic, uniq_natasha, uniq_robin
D:4:      layout_gridville, minmay_temple_entry_junction
D:5:      minmay_razor_zed, layout_loops_corners,
          gammafunk_temple_overflow_wave, minmay_misc_feat_diagonals,
          minmay_misc_feat_cross, grunt_ministairs_12
D:6:      layout_cave_pods, uniq_blork_the_orc, uniq_pikel
D:7:      layout_gridville, uniq_jeremiah, uniq_joseph
D:8:      layout_basic, erik_lair_island, gammafunk_ghost_abyssal_escape,
          uniq_maurice
D:9:      layout_basic, mainiacjoe_overflow_six_doors_small
D:10:     layout_basic, serial_shops, shop, nicolae_shop_just_a_little_nook,
          shop, uniq_fannar, uniq_maggie, uniq_amaemon
D:11:     layout_basic
D:12:     layout_roguey, david_orc_4, portal_ice_cave_entry_animals_and_master,
          uniq_nergalle, uniq_kirke
Temple:   compressed_dpeg_triangle_lava_temple
Lair:1:   layout_chaotic_city, serial_bayou_shore_a, lemuel_fruit_fields,
          lemuel_fruit_tree, uniq_harold
Lair:2:   layout_cellular_growth, guppyfry_snake_entry_garden,
          gammafunk_ghost_wrathful_warriors, grunt_megastairs_1,
          infiniplex_staircase_pool
Lair:3:   layout_small_grid, mainiacjoe_swamp_entry_angry_trees,
          serial_bayou_shore_b, uniq_gastronok, uniq_josephine

Notes
Turn   | Place    | Note
-------+----------+-------------------------------------------
     0 | D:1      | aigua the Tengu Gladiator began the quest for the Orb.
     0 | D:1      | Reached XP level 1. HP: 12/12 MP: 2/2
   118 | D:1      | Reached XP level 2. HP: 12/17 MP: 3/3
   162 | D:1      | Reached skill level 4 in Short Blades
   705 | D:1      | Reached XP level 3. HP: 21/21 MP: 4/4
  1278 | D:2      | Noticed Sigmund
  1317 | D:2      | Killed Sigmund
  1318 | D:2      | Reached skill level 7 in Short Blades
  1318 | D:2      | Reached XP level 4. HP: 17/26 MP: 5/5
  1318 | D:2      | Reached XP level 5. HP: 19/30 MP: 6/6
  1543 | D:2      | Noticed Terence
  1551 | D:2      | Killed Terence
  1552 | D:2      | Reached XP level 6. HP: 35/35 MP: 7/7
  1737 | D:2      | You fall into a shaft and drop 1 floor!
  1835 | D:2      | Found a runed translucent door.
  1836 | D:2      | Noticed Crazy Yiuf
  2222 | D:2      | Killed Crazy Yiuf
  2229 | D:2      | Identified the +11 hammer of Goump {freeze, rF+ Str+6}
  2422 | D:3      | Noticed Natasha
  2431 | D:3      | Killed Natasha
  2678 | D:3      | Reached skill level 8 in Short Blades
  2979 | D:3      | Noticed Natasha
  2988 | D:3      | Killed Natasha
  3017 | D:3      | Identified the +1 leather armour of Veului Hibb {Regen+
                  | Stlth+}
  3111 | D:3      | Identified the +0 helmet of Classification {rCorr Int+4}
  3111 | D:3      | Noticed Robin
  3135 | D:3      | Killed Robin
  3295 | D:4      | Found a staircase to the Ecumenical Temple.
  3303 | Temple   | Entered the Ecumenical Temple
  3374 | D:4      | Gained mutation: Your magical flight helps you evade
                  | attacks. (EV +4) [Tengu growth]
  3374 | D:4      | Reached XP level 7. HP: 40/40 MP: 8/8
  3611 | D:4      | Identified the +6 quarterstaff of Foptebyd {venom, rPois
                  | rC- Int+2 Stlth+}
  3721 | D:4      | Reached skill level 1 in Shapeshifting
  3809 | D:4      | Reached skill level 9 in Short Blades
  3946 | D:5      | Entered Level 5 of the Dungeon
  4073 | D:5      | Identified the +0 ring mail "Hyfryc" {^Contam +Blink Dex+6}
  4206 | D:5      | Found a bloodstained altar of Trog.
  4206 | D:5      | Found an ornate altar of the Wu Jian Council.
  4210 | D:5      | Became a worshipper of the Wu Jian Council
  4550 | D:5      | Reached skill level 10 in Short Blades
  4550 | D:5      | Reached XP level 8. HP: 38/44 MP: 3/9
  4562 | D:5      | Reached skill level 4 in Dodging
  4640 | D:5      | Reached skill level 3 in Fighting
  4960 | D:6      | Noticed Blork the orc
  4973 | D:5      | Killed Blork the orc
  4974 | D:5      | Reached skill level 5 in Dodging
  5036 | D:6      | Reached skill level 4 in Fighting
  5323 | D:6      | Reached skill level 6 in Dodging
  5331 | D:6      | Reached XP level 9. HP: 43/53 MP: 10/10
  5333 | D:6      | Reached skill level 5 in Fighting
  5333 | D:6      | Reached skill level 2 in Shapeshifting
  5338 | D:6      | Reached * piety under Wu Jian
  5744 | D:6      | Reached skill level 3 in Shapeshifting
  5909 | D:6      | Reached skill level 7 in Dodging
  5977 | D:6      | Noticed Pikel
  6008 | D:6      | Killed Pikel
  6009 | D:6      | Reached skill level 6 in Fighting
  6048 | D:6      | Reached skill level 4 in Shapeshifting
  6245 | D:7      | Noticed Joseph
  6267 | D:7      | Killed Joseph
  6268 | D:7      | Reached skill level 7 in Fighting
  6268 | D:7      | Reached skill level 8 in Dodging
  6268 | D:7      | Reached XP level 10. HP: 24/63 MP: 11/11
  6666 | D:7      | Noticed Jeremiah
  6707 | D:7      | Killed Jeremiah
  7153 | D:8      | Noticed Maurice
  7373 | D:8      | Reached skill level 9 in Dodging
  7378 | D:8      | Reached skill level 8 in Fighting
  7440 | D:8      | Found a staircase to the Lair.
  7454 | D:8      | Reached ** piety under Wu Jian
  7552 | D:8      | Killed Maurice
  7553 | D:8      | Reached skill level 9 in Fighting
  7553 | D:8      | Reached skill level 10 in Dodging
  7813 | D:8      | Identified a scroll of acquirement
  7814 | D:8      | Acquired a manual of Short Blades
  7818 | D:8      | Found a one-way gate to the infinite horrors of the Abyss.
  7818 | D:8      | Noticed Filo's ghost (novice MiBe)
  7823 | D:8      | Found a transporter.
  7825 | D:8      | Found a transporter.
  7957 | D:9      | Found an iron altar of Okawaru.
  8277 | D:9      | Reached XP level 11. HP: 58/71 MP: 12/12
  8600 | D:10     | Entered Level 10 of the Dungeon
  8636 | D:10     | Found Siri's Antique Weapon Shop.
  8674 | D:10     | Noticed Fannar
  8692 | D:10     | Killed Fannar
  8796 | D:10     | Reached *** piety under Wu Jian
  8800 | D:10     | Reached skill level 11 in Dodging
  8800 | D:10     | Noticed Maggie
  8802 | D:10     | Noticed Amaemon
  8809 | D:10     | Noticed a two-headed ogre
  8818 | D:10     | Killed Maggie
  8823 | D:10     | Killed a two-headed ogre
  8824 | D:10     | Reached skill level 10 in Fighting
  8824 | D:10     | Reached skill level 5 in Shapeshifting
  8839 | D:10     | Noticed a two-headed ogre
  8849 | D:10     | Killed a two-headed ogre
  8852 | D:10     | Found Kaugil's Antique Weapon Emporium.
  8947 | D:10     | Killed Amaemon
  9253 | D:10     | Found Huskot's Weapon Boutique.
  9298 | D:11     | Noticed a two-headed ogre
  9306 | D:11     | Killed a two-headed ogre
  9497 | D:11     | Noticed a two-headed ogre
  9507 | D:11     | Killed a two-headed ogre
  9508 | D:11     | Reached skill level 6 in Shapeshifting
  9556 | D:11     | Noticed a manticore
  9567 | D:11     | Killed a manticore
  9568 | D:11     | Reached skill level 12 in Dodging
  9766 | D:11     | Reached skill level 11 in Fighting
 10025 | Lair:1   | Entered Level 1 of the Lair of Beasts
 10025 | Lair:1   | Noticed Harold
 10033 | Lair:1   | Killed Harold
 10034 | Lair:1   | Reached XP level 12. HP: 80/80 MP: 13/13
 10076 | Lair:1   | Reached skill level 7 in Shapeshifting
 10196 | Lair:1   | Reached skill level 12 in Fighting
 10311 | Lair:1   | Reached skill level 8 in Shapeshifting
 10314 | Lair:1   | Reached **** piety under Wu Jian
 10316 | Lair:1   | Reached skill level 1 in Stealth
 10316 | Lair:1   | Reached skill level 1 in Evocations
 10507 | Lair:1   | Reached skill level 2 in Stealth
 10513 | Lair:1   | Reached skill level 3 in Throwing
 10513 | Lair:1   | Reached skill level 2 in Evocations
 10552 | Lair:1   | Reached skill level 3 in Stealth
 10824 | Lair:1   | Reached skill level 3 in Evocations
 10995 | Lair:2   | Reached skill level 4 in Throwing
 11017 | Lair:2   | Reached skill level 4 in Stealth
 11115 | Lair:2   | Found a transporter.
 11115 | Lair:2   | Noticed a skyshark
 11122 | Lair:2   | Killed a skyshark
 11123 | Lair:2   | Reached skill level 4 in Evocations
 11123 | Lair:2   | Reached XP level 13. HP: 86/86 MP: 14/14
 11126 | Lair:2   | Found a transporter.
 11131 | Lair:2   | Found a bloodstained altar of Trog.
 11229 | Lair:2   | Reached skill level 5 in Throwing
 11233 | Lair:2   | Reached skill level 5 in Stealth
 11280 | Lair:2   | Found a staircase to the Snake Pit.
 11439 | Lair:2   | Reached skill level 5 in Evocations
 11446 | Lair:2   | Reached ***** piety under Wu Jian
 11772 | Lair:2   | Noticed MagicSucks's ghost (journeyman NaSu)
 12011 | Lair:3   | Noticed Josephine
 12026 | Lair:3   | Killed Josephine
 12151 | Lair:3   | Reached skill level 6 in Throwing
 12151 | Lair:3   | Reached skill level 6 in Stealth
 12416 | Lair:3   | Reached skill level 6 in Evocations
 12468 | Lair:2   | Reached skill level 7 in Throwing
 12531 | Lair:3   | Slain by a cane toad

Vanquished Creatures
  Josephine (Lair:3)
  Harold (Lair:1)
  A hydra (Lair:2)
  Fannar (D:10)
  4 two-headed ogres
  Amaemon (D:10)
  A skyshark (Lair:2)
  A spriggan druid (Lair:2)
  Pikel (D:6)
  A manticore (D:11)
  A moth of wrath (Lair:2)
  Maurice (D:8)
  6 elephants (Lair:1)
  Joseph (D:7)
  A black mamba (Lair:2)
  Maggie (D:10)
  A torpor snail (Lair:1)
  5 cane toads
  Jeremiah (D:7)
  2 unseen horrors (D:10)
  An orange demon (D:10)
  8 komodo dragons
  3 polar bears
  2 trolls
  2 hornets
  6 dream sheep (Lair:3)
  13 blink frogs
  Sigmund (D:2)
  21 yaks
  3 wraiths
  3 vampire mosquitoes (D:8)
  4 wyverns
  7 steam dragons
  7 water moccasins
  3 nagas (Lair:2)
  2 sky beasts (D:6)
  3 ice beasts
  A black bear (D:6)
  An ogre (D:5)
  14 wolves
  2 centaurs (D:9)
  3 lemures (D:6)
  2 phantoms
  Blork the orc (D:5)
  9 bullfrogs
  3 kobold brigands
  5 scorpions
  5 wights (D:8)
  6 killer bees
  2 howler monkeys (D:10)
  2 bombardier beetles
  3 electric eels
  8 hounds
  2 jellies
  2 gnoll boudas
  Crazy Yiuf (D:2)
  5 iguanas
  A sleepcap (D:5)
  Terence (D:2)
  Natasha (twice) (D:3)
  3 orc wizards
  Robin (D:3)
  5 adders
  10 gnolls
  A shadow imp (D:5)
  2 ufetubi (D:5)
  3 ribbon worms
  8 dart slugs
  20 orcs
  5 ball pythons
  3 bats
  5 endoplasms
  4 giant cockroaches
  14 hobgoblins
  4 quokkas
  4 frilled lizards
  15 goblins
  20 kobolds
  2 rats (D:3)
332 creatures vanquished.

Vanquished Creatures (others)
  A cane toad (Lair:3)
1 creature vanquished.

Grand Total: 333 creatures vanquished

Table legend: (Time is in decaauts)
 A = Elapsed time spent in this place.
 B = Non-inter-level travel time spent in this place.
 C = Inter-level travel time spent in this place.
 D = Time resting spent in this place.
 E = Time spent auto-exploring this place.
 F = Levels seen in this place.
 G = Mean time per level.
                   A        B        C        D        E       F      G
               +--------+--------+--------+--------+--------+-----+--------+
         Total |  12120 |  11253 |    867 |    334 |   8730 |  16 |  757.5 |
       Dungeon |   9684 |   8974 |    710 |     60 |   7319 |  12 |  807.0 |
        Temple |     66 |     56 |     10 |      0 |      0 |   1 |   66.0 |
          Lair |   2369 |   2223 |    146 |    274 |   1411 |   3 |  789.7 |
               +--------+--------+--------+--------+--------+-----+--------+

Top non-repeatable levels by time:
  Lair:2: 1366 daAuts
     D:2: 1321 daAuts
     D:6: 1073 daAuts
     D:5: 1035 daAuts
     D:7: 1031 daAuts
     D:3: 957 daAuts
     D:1: 937 daAuts
  Lair:1: 865 daAuts
     D:9: 757 daAuts
     D:8: 676 daAuts
    D:10: 668 daAuts
    D:11: 641 daAuts
     D:4: 582 daAuts
  Lair:3: 137 daAuts
  Temple: 66 daAuts

Table legend:
 A = Non-vault XP
 B = Vault XP
 C = Vault XP percentage of total XP
 D = Non-vault monster count
 E = Vault monster count
 F = Vault count percentage of total count
                 A         B        C        D         E       F
            +---------+---------+-------+---------+---------+-------
      Total |   34410 |   11487 |  25.0 |     264 |      66 |  20.0
            +---------+---------+-------+---------+---------+-------
        D:1 |      34 |       0 |   0.0 |      19 |       0 |   0.0
        D:2 |      43 |     315 |  88.0 |      11 |       3 |  21.4
        D:3 |     142 |      82 |  36.6 |      23 |      18 |  43.9
        D:4 |     306 |       0 |   0.0 |      13 |       0 |   0.0
        D:5 |     226 |     661 |  74.5 |      11 |      15 |  57.7
        D:6 |    1877 |     629 |  25.1 |      24 |       1 |   4.0
        D:7 |     378 |     854 |  69.3 |       8 |       2 |  20.0
        D:8 |    2842 |    1256 |  30.6 |      27 |       9 |  25.0
        D:9 |    1479 |       0 |   0.0 |      18 |       0 |   0.0
       D:10 |    2933 |    2418 |  45.2 |      20 |       4 |  16.7
       D:11 |    2940 |       0 |   0.0 |       8 |       0 |   0.0
     Lair:1 |    9172 |     871 |   8.7 |      32 |       1 |   3.0
     Lair:2 |    8437 |    2805 |  25.0 |      37 |       9 |  19.6
     Lair:3 |    3601 |    1596 |  30.7 |      13 |       4 |  23.5
            +---------+---------+-------+---------+---------+-------
